 Dungeon Crawl Stone Soup version 0.23.2-1-ga50397a (webtiles) character file.

Game seed: 17858725918117026305

33 MaxwellSilver the Vandal (level 3, 0/22 HPs)
             Began as a Halfling Arcane Marksman on May 22, 2019.
             Was a Follower of Wu Jian.
             Slain by an adder (2 damage)
             ... on level 2 of the Dungeon.
             The game lasted 00:03:04 (731 turns).

MaxwellSilver the Vandal (Halfling Arcane Marksman)  Turns: 731, Time: 00:03:05

Health: 0/22       AC:  2    Str: 11    XL:     3   Next: 47%
Magic:  4/4        EV: 14    Int: 16    God:    Wu Jian [*.....]
Gold:   53         SH:  4    Dex: 15    Spells: 3/4 levels left

rFire    . . .     SeeInvis .   a - +0 hunting sling
rCold    . . .     Gourm    .   k - +0 buckler
rNeg     . . .     Faith    .   e - +0 robe
rPois    .         Spirit   .   (no helmet)
rElec    .         Reflect  .   (no cloak)
rCorr    .         Harm     .   (no gloves)
MR       .....                  (no boots)
Stlth    +.........             (no amulet)
HPRegen  0.07/turn              (no ring)
MPRegen  0.09/turn              (no ring)

@: brilliant, lethally poisoned (0 -> -8)
A: small, mutation resistance 1
a: Renounce Religion


You were on level 2 of the Dungeon.
You worshipped Wu Jian.
Wu Jian was aware of your devotion.
You were not hungry.

You visited 1 branch of the dungeon, and saw 2 of its levels.

You collected 53 gold pieces.

Inventory:

Hand Weapons
 a - a +0 hunting sling (weapon)
Missiles
 b - 56 stones
 d - 28 sling bullets (quivered)
 i - 31 bolts
Armour
 e - a +0 robe (worn)
 k - a +0 buckler (worn)
Scrolls
 c - 4 scrolls of random uselessness {unknown}
 g - 3 scrolls of identify {unknown}
 j - a scroll of amnesia {unknown}
Comestibles
 f - 3 rations


   Skills:
 - Level 0.8 Fighting
 + Level 4.9 Slings
 - Level 2.4 Dodging
 - Level 1.0 Spellcasting
 - Level 2.5 Hexes


You had 3 spell levels left.
You knew the following spells:

 Your Spells              Type           Power        Failure   Level  Hunger
a - Corona                Hex            ###....      1%          1    ##.....

Your spell library contained the following spells:

 Spells                   Type           Power        Failure   Level  Hunger
 Slow                     Hex            ###.....     2%          2    ###....
 Inner Flame              Hex/Fire       ##......     8%          3    ####...
 Portal Projectile        Hex/Tloc       ##....       8%          3    ####...
 Cause Fear               Hex            ###.......   14%         4    #####..
 Leda's Liquefaction      Hex/Erth       ##........   22%         4    #####..


Dungeon Overview and Level Annotations

Branches:
Dungeon (2/15)

Altars:
Wu Jian


Innate Abilities, Weirdness & Mutations

You are small and have problems with some larger weapons.
You are somewhat resistant to further mutation.


Message History

You feel sick. You block the adder's attack.
You are too injured to fight recklessly!
You are too injured to fight recklessly!
You are too injured to fight recklessly!
You are too injured to fight recklessly!
Firing (i - inventory. (/) - cycle)
d - 30 sling bullets (quivered)
Press: ? - help, Shift-Dir - straight line, f/p - adder
Aim: an adder (severely wounded)
You shoot a sling bullet.
The sling bullet closely misses the adder.
The adder barely misses you. The adder bites you.
* * * LOW HITPOINT WARNING * * *
Firing (i - inventory. (/) - cycle)
d - 29 sling bullets (quivered)
Press: ? - help, Shift-Dir - straight line, f/p - adder
Aim: an adder (severely wounded)
You shoot a sling bullet.
The sling bullet barely misses the adder.
* * * LOW HITPOINT WARNING * * *
You feel sick. The adder bites you.
You die...

#.# #.# #.# ### #.###
.(# #...# #[# #####
#######.## # #.#
+.##.(... # #
#.#####.##.##S# ..# #
#.......##.##@#..... #
#.#.............?....
####...#.#.##.##.......#
..................#...##
####..............##..#
# #.#####.##...........
# #.# #.##...#.##..## #
#.# #.##...#.# # #.#
#.##...#..


You could see an adder.

Vanquished Creatures
  An adder (D:2)
  An ooze (D:1)
  3 hobgoblins
  A quokka (D:2)
  2 ball pythons
  4 bats
  3 frilled lizards (D:1)
  A goblin (D:2)
  4 kobolds
20 creatures vanquished.

Notes
Turn   | Place    | Note
-------+----------+-------------------------------------------
     0 | D:1      | MaxwellSilver the Halfling Arcane Marksman began the quest
                  | for the Orb.
     0 | D:1      | Reached XP level 1. HP: 12/12 MP: 2/2
     5 | D:1      | Noticed a gargoyle
     7 | D:1      | Noticed an elf
     8 | D:1      | Noticed a merfolk zombie
    10 | D:1      | Noticed a felid
    10 | D:1      | Noticed a minotaur skeleton
    16 | D:1      | Noticed a formicid
   150 | D:1      | Reached XP level 2. HP: 18/18 MP: 3/3
   307 | D:1      | Reached skill level 4 in Slings
   337 | D:1      | You fall through a shaft!
   345 | D:2      | Reached XP level 3. HP: 20/22 MP: 4/4
   586 | D:2      | Found a faded altar of an unknown god.
   629 | D:2      | Became a worshipper of the Wu Jian Council
   629 | D:2      | Reached * piety under Wu Jian
   731 | D:2      | Slain by an adder

Skill      XL: |  1  2 |
---------------+-------+-----
Slings         | 4 |  4.9
Fighting       | |  0.8
Dodging        | |  2.4
Spellcasting   | |  1.0
Hexes          | |  2.5

Action                   || total
-------------------------++-------
 Fire: Hunting sling     ||    63
  Use: Potion            ||     1
Armor: Robe              ||     5
Dodge: Dodged            ||    20
Block: Buckler           ||     8
